 Dungeon Crawl Stone Soup version 0.23-a0-417-gf02c810 (webtiles) character file.

963 Sybil the Cleaver (level 8, -5/58 HPs)
             Began as a Formicid Abyssal Knight on Nov 10, 2018.
             Was a Believer of Lugonu.
             Slain by a phantom (8 damage)
             ... summoned by a centaur
             ... on level 5 of the Dungeon.
             The game lasted 00:06:54 (4425 turns).

Sybil the Cleaver (Formicid Abyssal Knight)         Turns: 4425, Time: 00:06:55

Health: -5/58      AC:  9    Str: 16 (19) XL:     8   Next: 37%
Magic:  9/9        EV:  9    Int: 11 (12) God:    Lugonu [**....]
Gold:   166        SH:  0    Dex:  8 (10) Spells: 7/7 levels left

rFire    + . .     SeeInvis +   u - +4 mace (drain)
rCold    x . .     Gourm    .   (no shield)
rNeg     . . .     Faith    .   s - +1 scale mail {MR+}
rPois    +         Spirit   .   (helmet unavailable)
rElec    .         Reflect  .   (no cloak)
rCorr    +         Harm     .   D - +0 pair of gloves "Xinidore" {rPois rCorr} (curse)
MR       +....                  (no boots)
Stlth    ..........             e - amulet of regeneration
HPRegen  0.59/turn              j - ring of fire
MPRegen  0.11/turn              (no ring)

@: no status effects
A: permanent stasis, dig shafts and tunnels, four strong arms, antennae 3
a: Dig, Shaft Self, Depart the Abyss, Bend Space, Renounce Religion


You were on level 5 of the Dungeon.
You worshipped Lugonu.
Lugonu was pleased with you.
You were hungry.

You visited 1 branch of the dungeon, and saw 5 of its levels.
You visited the Abyss 1 time.

You collected 166 gold pieces.

Inventory:

Hand Weapons
 a - a +1 hand axe
 u - a +4 mace of draining (weapon)
Armour
 b - a +0 leather armour
 o - a +0 ring mail
 s - a +1 scale mail of magic resistance (worn)
 D - the cursed +0 pair of gloves "Xinidore" (worn) {rPois rCorr}
   (You found it on level 5 of the Dungeon)

   It protects you from poison.
   It provides partial protection from all sources of acid and corrosion.
   It has a curse placed upon it.
Magical Staves
 g - an uncursed staff of death {unknown}
Jewellery
 e - an amulet of regeneration (around neck)
 i - a cursed amulet of inaccuracy {unknown}
 j - a ring of fire (left hand)
Wands
 y - a wand of scattershot (7)
Scrolls
 d - 5 scrolls of identify {unknown}
 k - a scroll of blinking {unknown}
 l - 2 scrolls of magic mapping {unknown}
 m - 8 scrolls of remove curse {unknown}
 p - a scroll of immolation {unknown}
 r - a scroll of amnesia {unknown}
 t - a scroll of teleportation {unknown}
 w - a scroll of random uselessness {unknown}
Potions
 f - a potion of lignification
 A - a potion of curing {unknown}
Comestibles
 c - 8 rations
 z - 4 chunks of flesh


   Skills:
 - Level 3.2 Fighting
 * Level 8.5 Axes
 + Level 4.8 Armour
 - Level 0.8 Dodging
 - Level 2.1 Invocations


You had 7 spell levels left.
You didn't know any spells.
Your spell library contained the following spells:

 Spells                   Type           Power        Failure   Level  Hunger
 Magic Dart               Conj           #...         75%         1    ##.....
 Searing Ray              Conj           #.....       87%         2    ###....
 Dazzling Spray           Conj/Hex       #.....       98%         3    ####...
 Force Lance              Conj/Tloc      #.......     100%        4    #####..
 Fulminant Prism          Conj/Hex       #.........   100%        4    #####..
 Iskenderun's Mystic Bla  Conj           #.......     100%        4    #####..


Dungeon Overview and Level Annotations

Branches:
Dungeon (5/15)
 Temple: D:4-7

Altars:
Gozag
Kikubaaqudgha
Makhleb


Innate Abilities, Weirdness & Mutations

You cannot be hasted, slowed, berserked, paralysed or teleported.
You can dig through walls and to a lower floor.
Your four strong arms can wield two-handed weapons with a shield.
You have a pair of large antennae on your head. (SInv)


Message History

It was a potion of invisibility.
You fade into invisibility!
The centaur hits you but does no damage.
You are very lightly contaminated with residual magic.
It was a potion of magic.
Magic courses through your body.
The centaur hits you but does no damage.
The phantom hits you but does no damage.
The centaur hits you.
* * * LOW HITPOINT WARNING * * *
It was a potion of cancellation.
Your magical effects are unravelling.
You feel magically purged.
Your magical contamination has completely faded away.
You feel less wooden.
The cursed +0 pair of gloves "Xinidore" {rPois rCorr} unmelds from your body.
Your +1 scale mail of magic resistance unmelds from your body.
You feel resistant to hostile enchantments.
You flicker back into view.
You feel a little less agile now. The phantom hits you!
You die...

### ###.. .....
.... # #..##.#
#...#.#
##.W...#
#.@c...##
##.W.....#
######.......##
#...().......#
#.######.[...#
#.# #####.# #.#
.# #.# .## #.#
######..#


You could see 2 phantoms and a centaur.

Vanquished Creatures
  Pikel (D:4)
  A crimson imp (D:5)
  A bullfrog zombie (D:4)
  A gnoll shaman (D:4)
  A jelly (D:3)
  An orc priest (D:3)
  A hound (D:2)
  An orc wizard (D:5)
  Terence (D:2)
  An iguana (D:5)
  2 worker ants (D:4)
  3 gnolls (D:4)
  5 adders
  2 oozes
  2 adder skeletons (D:4)
  3 worms
  3 leopard geckos
  10 orcs
  4 giant cockroaches
  8 goblins
  5 hobgoblins
  2 jackals (D:2)
  3 quokkas
  3 ball pythons
  5 bats
  4 frilled lizards
  A jackal skeleton (D:4)
  7 kobolds
  8 rats
90 creatures vanquished.

Vanquished Creatures (others)
  A slave (D:4)
  Natasha (twice) (D:4)
3 creatures vanquished.

Grand Total: 93 creatures vanquished

Notes
Turn   | Place    | Note
-------+----------+-------------------------------------------
     0 | Abyss:1  | Sybil the Formicid Abyssal Knight began the quest for the
                  | Orb.
     0 | Abyss:1  | Reached XP level 1. HP: 18/18 MP: 2/2
    66 | Abyss:1  | Noticed a chaos spawn
    97 | Abyss:2  | Noticed an apocalypse crab
   112 | D:1      | Escaped the Abyss
   697 | D:1      | Reached XP level 2. HP: 24/24 MP: 3/3
   799 | D:1      | Reached skill level 3 in Axes
   812 | D:1      | Reached * piety under Lugonu
  1123 | D:2      | Reached XP level 3. HP: 29/29 MP: 4/4
  1196 | D:2      | You fall through a shaft!
  1604 | D:2      | Found an opulent altar of Gozag.
  1740 | D:2      | Noticed Terence
  1772 | D:2      | Killed Terence
  1772 | D:2      | Reached skill level 4 in Axes
  1772 | D:2      | Reached XP level 4. HP: 23/35 MP: 5/5
  2476 | D:2      | Reached XP level 5. HP: 37/41 MP: 6/6
  2482 | D:3      | Reached skill level 5 in Axes
  2933 | D:3      | Reached ** piety under Lugonu
  2940 | D:3      | Reached XP level 6. HP: 18/47 MP: 7/7
  3282 | D:4      | Found an ancient bone altar of Kikubaaqudgha.
  3534 | D:4      | Reached skill level 6 in Axes
  3763 | D:4      | Noticed Pikel
  3764 | D:4      | Noticed a slave
  3764 | D:4      | Noticed a slave
  3765 | D:4      | Noticed a slave
  3766 | D:4      | Noticed a slave
  3786 | D:4      | Killed Pikel
  3786 | D:4      | Reached skill level 8 in Axes
  3786 | D:4      | Reached XP level 7. HP: 28/52 MP: 8/8
  3786 | D:4      | Reached XP level 8. HP: 31/58 MP: 9/9
  3836 | D:4      | Killed Natasha
  3912 | D:4      | Killed Natasha
  3959 | D:4      | Found a burning altar of Makhleb.
  4190 | D:5      | Entered Level 5 of the Dungeon
  4291 | D:5      | Got a pair of brightly glowing gloves
  4297 | D:5      | Identified the cursed +0 pair of gloves "Xinidore" {rPois
                  | rCorr} (You found it on level 5 of the Dungeon)
  4424 | D:5      | HP: 4/87 [centaur (4)]
  4425 | D:5      | Slain by a phantom

Vault maps used:
D:1:      elethiomel_arrival_shortcut, serial_corexii_hall,
          corexii_hall_statues_x, chequers_hall_statues_corner_a
D:2:      marbit_many_paths, kennysheep_cluttered_room,
          kennysheep_generic_room_12, uniq_terence
D:3:      first_ration, st_stairs_1
D:4:      lemuel_crystal_altar, kennysheep_mini_moat, uniq_natasha, uniq_pikel
D:5:      led_sif_book, serial_shops, shop, minivault_4,
          kennysheep_generic_room_8

Skill      XL: |  1  2  3  4  5  6 |
---------------+-------------------+-----
Axes           | 3 4 5 8 |  8.5
Armour         | 4 |  4.8
Fighting       | |  3.2
Dodging        | |  0.8
Invocations    | |  2.1

Action                   |  1- 3 |  4- 6 |  7- 9 || total
-------------------------+-------+-------+-------++-------
Melee: Hand axe          |   123 |    73 |       ||   196
       Mace              |       |    68 |    96 ||   164
Invok: Depart the Abyss  |     1 |       |       ||     1
  Use: Potion            |       |       |     8 ||     8
  Eat: Chunk             |     3 |     6 |     2 ||    11
Armor: Leather armour    |    11 |       |       ||    11
       Ring mail         |    11 |       |       ||    11
       Skin              |     5 |       |    14 ||    19
       Scale mail        |       |    70 |    43 ||   113
Dodge: Dodged            |    71 |    69 |    78 ||   218

Table legend:
 A = Non-vault XP
 B = Vault XP
 C = Vault XP percentage of total XP
 D = Non-vault monster count
 E = Vault monster count
 F = Vault count percentage of total count
                 A         B        C        D         E       F
            +---------+---------+-------+---------+---------+-------
      Total |     622 |     754 |  54.8 |      84 |       6 |   6.7
            +---------+---------+-------+---------+---------+-------
        D:1 |      25 |       0 |   0.0 |      17 |       0 |   0.0
        D:2 |      22 |      79 |  78.2 |      13 |       4 |  23.5
        D:3 |     168 |       2 |   1.2 |      26 |       1 |   3.7
        D:4 |     243 |     673 |  73.5 |      16 |       1 |   5.9
        D:5 |     164 |       0 |   0.0 |      12 |       0 |   0.0
            +---------+---------+-------+---------+---------+-------
